 Dungeon Crawl Stone Soup version 0.23-a0-408-g9d4b7edeb2 (webtiles) character file.

52 qndell the Chopper (level 3, -2/33 HPs)
             Began as a Minotaur Berserker on Nov 8, 2018.
             Was a Believer of Trog.
             Slain by a worm (10 damage)
             ... on level 2 of the Dungeon.
             The game lasted 00:08:54 (1882 turns).

qndell the Chopper (Minotaur Berserker)             Turns: 1882, Time: 00:08:54

Health: -2/33      AC:  2    Str: 21    XL:     3   Next: 60%
Magic:  2/2        EV: 12    Int:  4    God:    Trog [**....]
Gold:   31         SH:  0    Dex: 10    Spells: 2/2 levels left

rFire    . . .     SeeInvis .   a - +0 hand axe
rCold    . . .     Gourm    .   (no shield)
rNeg     . . .     Faith    .   b - +0 animal skin
rPois    .         Spirit   .   (helmet restricted)
rElec    .         Reflect  .   (no cloak)
rCorr    .         Harm     .   (no gloves)
MR       .....                  (no boots)
Stlth    +.........             (no amulet)
HPRegen  0.11/turn              (no ring)
MPRegen  0.08/turn              (no ring)

@: no status effects
A: retaliatory headbutt, horns 2
a: Berserk, Trog's Hand, Renounce Religion


You were on level 2 of the Dungeon.
You worshipped Trog.
Trog was pleased with you.
You were not hungry.

You visited 1 branch of the dungeon, and saw 2 of its levels.

You collected 31 gold pieces.

Inventory:

Hand Weapons
 a - a +0 hand axe (weapon)
Missiles
 d - 10 poisoned needles
 i - 24 arrows
 m - 28 stones (quivered)
Armour
 b - a +0 animal skin (worn)
 g - a +0 ring mail
Scrolls
 h - a scroll of remove curse {unknown}
 j - 3 scrolls of identify {unknown}
 k - a scroll of magic mapping {unknown}
Potions
 e - a potion of flight {unknown}
 f - a potion of might {unknown}
 n - a potion of berserk rage {unknown}
 o - a potion of magic {unknown}
Comestibles
 c - 3 rations


   Skills:
 + Level 4.1 Fighting
 + Level 4.7 Axes
 + Level 2.8 Armour
 + Level 2.5 Dodging
 + Level 0.1 Stealth


You had 2 spell levels left.
You didn't know any spells.
Your spell library was empty.

Dungeon Overview and Level Annotations

Branches:
Dungeon (2/15)

Altars:
Nemelex Xobeh
Xom


Innate Abilities, Weirdness & Mutations

You reflexively headbutt those who attack you in melee.
You have a pair of horns on your head.


Message History

You are too injured to fight recklessly!
You are too injured to fight recklessly!
You are too injured to fight recklessly!
You are too injured to fight recklessly!
The worm barely misses you.
You hit the worm but do no damage. You slash the worm!
You headbutt the worm, but do no damage.
The worm is heavily wounded.
The worm bites you!
* * * LOW HITPOINT WARNING * * *
You hit the worm but do no damage.
The worm is heavily wounded.
The worm closely misses you.
You barely miss the worm.
The worm is moderately wounded.
You hit the worm but do no damage.
The worm is moderately wounded.
The worm bites you!
You die...

≈##..≈#≈......≈
#.≈#...⌠s#≈≈#≈.
#..≈##K#.≈.#
###⌠#⌠...≈≈#
#..≈...≈≈≈.#
#####)######### ###
#.#.)........
#..###.###....#####
#...##@# #........#
#.<..w# #....###...#
#.....###.....###...
###.#...............
#.#.#...###......#
#.#......#####....
#.#.......# ....
#.#.......# ###
#.#.......#####


You could see a worm.

Vanquished Creatures
  Robin (D:2)
  4 bats
  A giant cockroach (D:2)
  9 goblins
  10 hobgoblins
  A frilled lizard (D:1)
  6 kobolds
  3 rats (D:1)
35 creatures vanquished.

Notes
Turn   | Place    | Note
-------+----------+-------------------------------------------
     0 | D:1      | qndell the Minotaur Berserker began the quest for the Orb.
     0 | D:1      | Reached XP level 1. HP: 19/19 MP: 0/0
   909 | D:1      | Reached XP level 2. HP: 27/27 MP: 1/1
  1454 | D:2      | Noticed Robin
  1467 | D:2      | Killed Robin
  1467 | D:2      | Reached XP level 3. HP: 23/33 MP: 2/2
  1472 | D:2      | Reached ** piety under Trog
  1789 | D:2      | Found a sparkling altar of Nemelex Xobeh.
  1832 | D:2      | Found a shimmering altar of Xom.
  1882 | D:2      | Slain by a worm

Vault maps used:
D:1:      co_arrival_random_square_maze
D:2:      nicolae_overflow_crystal_walls, tgw_xom, uniq_jessica, uniq_robin,
          uniq_crazy_yiuf_cottage

Skill      XL: |  1  2 |
---------------+-------+-----
Axes           | 4 |  4.7
Fighting       | 4 |  4.1
Armour         | |  2.8
Dodging        | |  2.5
Stealth        | |  0.1

Action                   || total
-------------------------++-------
Melee: Hand axe          ||    65
       Headbutt          ||     8
Invok: Berserk           ||     1
  Eat: Ration            ||     1
Armor: Animal skin       ||    15
Dodge: Dodged            ||    50

Table legend:
 A = Non-vault XP
 B = Vault XP
 C = Vault XP percentage of total XP
 D = Non-vault monster count
 E = Vault monster count
 F = Vault count percentage of total count
                 A         B        C        D         E       F
            +---------+---------+-------+---------+---------+-------
      Total |      28 |      47 |  62.7 |      17 |      18 |  51.4
            +---------+---------+-------+---------+---------+-------
        D:1 |      24 |       0 |   0.0 |      15 |       0 |   0.0
        D:2 |       4 |      47 |  92.2 |       2 |      18 |  90.0
            +---------+---------+-------+---------+---------+-------
